 Dungeon Crawl Stone Soup version 0.25-a0-815-gab441bd002 (webtiles) character file.

Game seed: 11707575635126646804, levelgen mode: deterministic

60 Anathary the Ruffian (level 4, 0/28 HPs)
             Began as a Tengu Berserker on Apr 20, 2020.
             Was a Believer of Trog.
             Slain by a worm (6 damage)
             ... on level 2 of the Dungeon.
             The game lasted 00:05:58 (1642 turns).

Anathary the Ruffian (Tengu Berserker)              Turns: 1642, Time: 00:05:59

Health: 0/28       AC:  5    Str: 18    XL:     4   Next: 4%
Magic:  5/5        EV: 13    Int:  8    God:    Trog [**....]
Gold:   115        SH:  0    Dex: 13    Spells: 3/3 levels left

rFire    . . .     SeeInvis .     - Unarmed
rCold    . . .     Gourm    .   (no shield)
rNeg     . . .     Faith    .   j - +0 robe
rPois    .         Spirit   .   (helmet restricted)
rElec    .         Reflect  .   g - +2 cloak
rCorr    .         Harm     .   (no gloves)
MR       .....                  (boots unavailable)
Stlth    +.........             (no amulet)
HPRegen  0.09/turn              (no ring)
MPRegen  0.09/turn              (no ring)

@: lethally poisoned (0 -> -3)
A: beak, talons 3
a: Berserk, Trog's Hand, Renounce Religion


You were on level 2 of the Dungeon.
You worshipped Trog.
Trog was pleased with you.
You were not hungry.

You visited 1 branch of the dungeon, and saw 2 of its levels.

You collected 115 gold pieces.

Inventory:

Armour
 a - a +0 animal skin
 g - a +2 cloak (worn)
 j - a +0 robe (worn)
Scrolls
 e - 2 scrolls of teleportation
 f - 3 scrolls of identify
 i - a scroll of magic mapping {unknown}
 k - 3 scrolls of remove curse
 l - 3 scrolls of fog {unknown}
Potions
 c - 3 potions of might
 d - 5 potions of curing {unknown}
 h - a potion of degeneration {unknown}
 m - a potion of berserk rage {unknown}
Comestibles
 b - 4 rations


   Skills:
 + Level 3.5 Fighting
 + Level 2.3 Armour
 + Level 2.6 Dodging
 + Level 4.4 Unarmed Combat


You had 3 spell levels left.
You didn't know any spells.
Your spell library was empty.

Dungeon Overview and Level Annotations

Branches:
Dungeon (2/15)

Altars:


Innate Abilities, Weirdness & Mutations

You have a beak for a mouth.
You have claws for feet.


Message History

The frilled lizard hisses angrily.
The worm bites you! The worm bites you!
You hit the worm. Your peck misses the worm.
The worm is lightly wounded.
The adder closely misses you. The adder barely misses you.
You hit the worm.
The worm is moderately wounded.
The adder closely misses you. The worm bites you but does no damage.
You punch the worm! You claw the worm.
The worm is almost dead.
The frilled lizard barely misses you. The adder bites you.
* * * LOW HITPOINT WARNING * * *
You are poisoned.
The adder poisons you!
You barely miss the worm.
The worm is almost dead.
You feel sick. The frilled lizard closely misses you.
The adder bites you but does no damage. The worm bites you.
You die...

#.....##########.#
####.............#
.............[...#
####...##..####..#####
.....................###
.###.##.#.######.......#
.# #.##.#.# ##.$......#
.###.##<..# #...l.....#
.##...##..# #w@......#
......##..#####S########
###.#...............#
#.####..#####......# #.#
#..# #......+ #.# #..#
##.....# #.# #..#
#...... #.# #..# ######
#.#####.##


You could see a worm, an adder and a frilled lizard.

Vanquished Creatures
  An adder (D:2)
  2 worms (D:2)
  A dart slug (D:1)
  A leopard gecko (D:2)
  A ball python (D:1)
  5 giant cockroaches
  5 goblins
  3 hobgoblins (D:2)
  2 jackals (D:2)
  7 bats
  5 frilled lizards
  3 kobolds (D:2)
  5 rats
41 creatures vanquished.

Notes
Turn   | Place    | Note
-------+----------+-------------------------------------------
     0 | D:1      | Anathary the Tengu Berserker began the quest for the Orb.
     0 | D:1      | Reached XP level 1. HP: 14/14 MP: 2/2
   317 | D:1      | Reached XP level 2. HP: 19/19 MP: 3/3
  1009 | D:2      | Reached XP level 3. HP: 18/23 MP: 4/4
  1052 | D:2      | Reached skill level 4 in Unarmed Combat
  1428 | D:2      | Reached XP level 4. HP: 28/28 MP: 5/5
  1504 | D:2      | Reached ** piety under Trog
  1642 | D:2      | Slain by a worm

Levels and vault maps discovered:
D:1:      minmay_arrival_diagonal_passages, layout_basic
D:2:      layout_basic, minivault_5, grunt_ministairs_12

Skill      XL: |  1  2  3 |
---------------+----------+-----
Unarmed Combat | 4 |  4.4
Fighting       | |  3.5
Armour         | |  2.3
Dodging        | |  2.6

Action                   |  1- 3 |  4- 6 || total
-------------------------+-------+-------++-------
Melee: Unarmed           |   103 |     7 ||   110
       Kick              |    20 |     1 ||    21
       Peck              |    12 |       ||    12
       Punch             |     1 |       ||     1
  Use: Scroll            |     3 |       ||     3
 Stab: Sleeping          |     2 |       ||     2
  Eat: Ration            |     1 |       ||     1
Armor: Animal skin       |     7 |       ||     7
       Robe              |    30 |     3 ||    33
Dodge: Dodged            |    81 |     7 ||    88

Table legend:
 A = Non-vault XP
 B = Vault XP
 C = Vault XP percentage of total XP
 D = Non-vault monster count
 E = Vault monster count
 F = Vault count percentage of total count
                 A         B        C        D         E       F
            +---------+---------+-------+---------+---------+-------
      Total |      86 |       0 |   0.0 |      41 |       0 |   0.0
            +---------+---------+-------+---------+---------+-------
        D:1 |      32 |       0 |   0.0 |      19 |       0 |   0.0
        D:2 |      54 |       0 |   0.0 |      22 |       0 |   0.0
            +---------+---------+-------+---------+---------+-------
